 Dungeon Crawl Stone Soup version 0.21.0-3-g78d12a8 (webtiles) character file.

131187 HungrySpirit the Severer (level 17, 0/140 HPs)
             Began as a Formicid Skald on Jan 12, 2018.
             Killed from afar by an ogre mage (53 damage)
             ... with a crystal spear
             ... on level 15 of the Dungeon.
             The game lasted 01:30:32 (36988 turns).

HungrySpirit the Severer (Formicid Skald)          Turns: 36988, Time: 01:30:33

Health: 0/140      AC: 29    Str: 19    XL:     17   Next: 66%
Magic:  25/25      EV:  6    Int: 17    God:
Gold:   875        SH:  5    Dex: 10    Spells: 20/20 levels left

rFire    + + .     SeeInvis +   s - +2 battleaxe (venom)
rCold    + + .     Gourm    .   A - +0 buckler
rNeg     . . .     Faith    .   l - +3 crystal plate armour
rPois    +         Spirit   .   (helmet unavailable)
rElec    .         Reflect  .   W - scarf {rC+ rF+}
rCorr    .         Harm     .   J - +0 pair of gloves of Yredelemnul's Whim {rPois MR++ Str-2 Int+2}
MR       ++++.     Clarity  +   j - +0 pair of boots
Stlth    ..........             U - amulet of regeneration
HPRegen  0.00/turn              m - ring of protection from cold
MPRegen  0.19/turn              O - ring of protection from fire

@: no status effects
A: permanent stasis, dig shafts and tunnels, four strong arms, antennae 3,
clarity, high mp 1, magic resistance 1, inhibited regeneration
a: Dig, Shaft Self


You were on level 15 of the Dungeon.
You were not hungry.

You visited 3 branches of the dungeon, and saw 23 of its levels.
You also visited: Labyrinth, Sewer, Ossuary, Bailey and Ice Cave.

You collected 2329 gold pieces.
You spent 1454 gold pieces at shops.

Inventory:

Hand Weapons
 s - a +2 battleaxe of venom (weapon)
 u - a +0 executioner's axe of electrocution
 Y - a +2 hand axe of flaming
Missiles
 G - 2 throwing nets (quivered)
Armour
 j - a +0 pair of boots (worn)
 l - a +3 crystal plate armour (worn)
 A - a +0 buckler (worn)
 J - the +0 pair of gloves of Yredelemnul's Whim (worn) {rPois MR++ Str-2 Int+2}
   (You found it on level 3 of the Lair of Beasts)

   It affects your strength (-2).
   It affects your intelligence (+2).
   It protects you from poison.
   It affects your resistance to hostile enchantments.
 V - a +0 cloak of invisibility
 W - a scarf of resistance (worn)
Jewellery
 b - an uncursed ring of poison resistance
 e - an uncursed ring of resist corrosion
 m - a ring of protection from cold (left hand)
 q - an uncursed ring of ice
 O - a ring of protection from fire (right hand)
 Q - an uncursed ring of protection from magic
 R - an uncursed ring of positive energy
 S - an uncursed ring of protection from fire
 U - an amulet of regeneration (around neck)
Wands
 c - a wand of digging (8)
 x - a wand of disintegration (12)
 I - a wand of enslavement (12)
 K - a wand of scattershot (5)
 L - a wand of flame (21)
 P - a wand of paralysis (60)
Scrolls
 a - 4 scrolls of amnesia
 f - 6 scrolls of immolation
 h - 9 scrolls of remove curse
 i - 6 scrolls of identify
 n - 4 scrolls of fog
 o - 4 scrolls of fear
 p - a scroll of magic mapping
 r - 2 scrolls of holy word {unknown}
 t - 4 scrolls of enchant armour
 y - 7 scrolls of enchant weapon
Potions
 k - 6 potions of magic
 v - a potion of heal wounds
 w - 2 potions of invisibility
 z - 2 potions of curing
 B - a potion of ambrosia
 C - 2 potions of resistance
 D - 4 potions of flight
 E - a potion of might
 F - 2 potions of brilliance
 H - a potion of mutation
 M - 4 potions of lignification
 T - a potion of cancellation
Miscellaneous
 g - a lamp of fire
 N - a phial of floods
Comestibles
 d - 31 rations
 X - 4 chunks of flesh


   Skills:
 + Level 14.4 Fighting
 * Level 18.7 Axes
 + Level 13.8 Armour
 - Level 7.0 Dodging
 + Level 5.7 Shields
 - Level 2.1 Spellcasting
   Level 3.0 Charms
 - Level 8.0 Evocations


You had 20 spell levels left.
You didn't know any spells.

Dungeon Overview and Level Annotations

Branches:
Dungeon (15/15)            Temple (0/1) D:6            Lair (6/6) D:10
 Shoals (0/4) Lair:3        Snake (0/4) Lair:2        Slime (0/5) Lair:6
    Orc (2/2) D:12            Elf (0/3) Orc:2        Vaults (0/5) D:13
 Depths: D:15

Altars:
Cheibriados
Dithmenos
Fedhas
Gozag
Hepliaklqana
Makhleb
Nemelex Xobeh
Qazlal
Ru
Trog
Uskayaw
Wu Jian
Xom
Yredelemnul
Zin
The Shining One

Shops:
D:11 ?   D:12 [(   D:15 }   Orc:1 **   Orc:2 ([*=

Annotations:
D:14 exclusion: Roxanne, Roxanne
Lair:2 exclusion: 2 downstairs
Lair:6 exclusion: oklob plant


Innate Abilities, Weirdness & Mutations

You cannot be hasted, slowed, berserked, paralysed or teleported.
You can dig through walls and to a lower floor.
Your four strong arms can wield two-handed weapons with a shield.
You have a pair of large antennae on your head. (SInv)
You possess an exceptional clarity of mind.
You have an increased reservoir of magic. (+10% MP)
You are resistant to hostile enchantments. (MR+)
You do not regenerate when monsters are visible.


Message History

The ogre mage looks more healthy.
The ogre mage points at you and mumbles some strange words.
The crystal spear hits you!
You are too injured to fight recklessly!
You are too injured to fight recklessly!
You are too injured to fight recklessly!
The ogre mage gestures at you while chanting.
The bolt of fire hits you! You resist.
Things that are here:
a giant spiked club; a giant club The ogre mage hits you but does no damage.
You slice the ogre mage!!
The ogre mage looks as sick as possible!
The ogre mage is heavily wounded.
You slice the ogre mage!!
The ogre mage looks as sick as possible!
The ogre mage is almost dead.
The ogre mage casts a spell at you. The crystal spear hits you!
You die...

................####.
.....................#
##
#...................#.##
#.............#..##.####
...............#.##.##
........<............#
..................#.##
...................##
........[.)@O.###...#
..........)..## ##..##
........))).## #...#
...........## ##.##
..........## ###
......#....#
..........## #.##..#..##
# #######


You could see an ogre mage.

Vanquished Creatures
  Rupert (D:14)
  An orc warlord (Orc:2)
  The ghost of feelmyfire the Severer, a journeyman HOAK of Lugonu (D:12)
  A fire dragon (Lair:6)
  Josephine (D:14)
  A minotaur (Lab)
  3 vault guards (D:13)
  An ogre mage (D:13)
  6 hydras
  A catoblepas (Lair:5)
  3 centaur warriors
  3 death yaks (D:10)
  6 two-headed ogres
  Urug (D:15)
  5 orc high priests
  Sonja (Orc:2)
  3 skeletal warriors (D:15)
  3 unseen horrors
  A shambling mangrove (Lair:6)
  A wolf spider zombie (D:12)
  A lindwurm (Lair:6)
  12 orc knights
  6 cyclopes
  5 ugly things
  2 manticores (D:15)
  5 orc sorcerers
  7 black mambas
  An ice statue (IceCv)
  3 merfolk sirens (Lair:3)
  3 molten gargoyles (Lair:6)
  3 rime drakes
  8 spiny frogs
  5 gargoyles
  2 yaktaurs (D:13)
  13 komodo dragons
  A tengu conjurer (D:13)
  6 meliai
  A queen bee (Lair:4)
  2 merfolk
  8 trolls
  A meliai (shapeshifter) (D:13)
  3 polar bears
  6 hornets
  17 blink frogs
  5 dream sheep (Lair:6)
  3 slime creatures (D:15)
  6 hippogriffs
  2 wandering mushrooms (Lair:6)
  6 wraiths
  7 spriggans
  Sigmund (D:5)
  4 shadows
  7 wyverns
  A redback (Lab)
  6 basilisks
  43 yaks
  A human (D:13)
  Eustachio (D:4)
  2 steam dragons (Lair:6)
  2 hungry ghosts
  3 vampire mosquitoes (D:8)
  A soldier ant (D:12)
  A warg (Orc:1)
  24 water moccasins
  10 porcupines
  3 hell hounds (Lair:6)
  68 orc warriors
  9 ice beasts
  2 eyes of draining
  3 sky beasts
  17 ogres
  A phantom (D:8)
  A black bear (D:8)
  4 wolves (Lair:1)
  11 centaurs
  12 crocodiles
  A big kobold (D:8)
  19 bullfrogs
  A water moccasin zombie (D:6)
  4 scorpions
  27 killer bees
  9 wights
  5 howler monkeys
  5 lava snakes (Lair:6)
  2 centaur zombies
  8 crimson imps
  A jelly (D:13)
  A quasit (D:10)
  4 bullfrog skeletons
  10 hounds
  Crazy Yiuf (D:2)
  31 orc priests
  Jessica (D:2)
  6 centaur skeletons
  5 iguanas
  47 orc wizards
  Terence (D:3)
  Ijyb (D:3)
  Natasha (D:4)
  7 worker ants
  8 big kobold zombies (Ossuary)
  2 hound skeletons
  A mummy (Ossuary)
  A worker ant zombie (D:11)
  Robin (D:2)
  10 gnolls
  22 adders
  A howler monkey skeleton (D:4)
  9 river rats
  4 shadow imps
  12 white imps (Orc:1)
  An ooze (D:5)
  2 adder zombies (D:9)
  An adder skeleton (D:8)
  3 worms
  2 dart slugs
  8 leopard geckos
  128 orcs
  4 spectral bats (Ossuary)
  14 ball pythons
  9 giant cockroaches
  18 goblins
  7 hobgoblins
  16 jackals
  4 quokkas
  7 bats
  3 bat simulacra (Ossuary)
  12 frilled lizards
  4 gnoll zombies (Ossuary)
  A goblin simulacrum (Ossuary)
  4 goblin zombies (Ossuary)
  4 hobgoblin zombies (Ossuary)
  A jackal skeleton (D:8)
  11 kobolds
  3 kobold simulacra (Ossuary)
  7 kobold zombies (Ossuary)
  A leopard gecko zombie (D:5)
  3 orc zombies (Ossuary)
  A quokka skeleton (D:7)
  A quokka zombie (D:5)
  35 rats
  7 rat simulacra (Ossuary)
  3 spectral goblins (Ossuary)
  4 spectral kobolds (Ossuary)
  A spectral orc (D:4)
  2 spectral rats (Ossuary)
  7 fungi
  8 plants
1048 creatures vanquished.

Vanquished Creatures (collateral kills)
  An ugly thing (IceCv)
  An ice statue (IceCv)
2 creatures vanquished.

Vanquished Creatures (others)
  A bush (Lair:6)
  21 fungi
  25 plants
47 creatures vanquished.

Grand Total: 1097 creatures vanquished

Notes
Turn   | Place    | Note
-------+----------+-------------------------------------------
     0 | D:1      | HungrySpirit the Formicid Skald began the quest for the Orb.
     0 | D:1      | Reached XP level 1. HP: 16/16 MP: 3/3
    77 | D:1      | Reached XP level 2. HP: 21/23 MP: 5/5
   998 | D:2      | Reached XP level 3. HP: 28/28 MP: 6/6
  1005 | D:2      | Reached skill level 3 in Axes
  1353 | D:2      | Noticed Jessica
  1356 | D:2      | Noticed Robin
  1384 | D:2      | Killed Jessica
  1384 | D:2      | Reached XP level 4. HP: 20/35 MP: 7/7
  1410 | D:2      | Killed Robin
  1463 | D:2      | Reached skill level 4 in Axes
  1751 | D:2      | Found a runed door.
  1760 | D:2      | Noticed Crazy Yiuf
  1777 | D:2      | Killed Crazy Yiuf
  1777 | D:2      | Reached XP level 5. HP: 10/41 MP: 5/8
  2363 | D:3      | Found a glowing drain.
  2395 | Sewer    | Entered a sewer
  2774 | Sewer    | Reached XP level 6. HP: 13/48 MP: 9/9
  3039 | Sewer    | Reached skill level 5 in Axes
  3481 | Sewer    | Reached XP level 7. HP: 26/55 MP: 10/10
  3686 | D:3      | Found a blossoming altar of Fedhas.
  3688 | D:3      | Noticed Terence
  3705 | D:3      | Killed Terence
  3705 | D:3      | Reached skill level 6 in Axes
  3796 | D:3      | Noticed Ijyb
  3831 | D:3      | Killed Ijyb
  3831 | D:3      | Reached skill level 5 in Fighting
  3947 | D:3      | Found a stormy altar of Qazlal.
  4713 | D:4      | Found a shadowy altar of Dithmenos.
  4734 | D:4      | Reached XP level 8. HP: 44/62 MP: 11/11
  4912 | D:4      | Noticed Natasha
  4916 | D:4      | Killed Natasha
  4916 | D:4      | Reached skill level 7 in Axes
  4917 | D:4      | Noticed Eustachio
  4951 | D:4      | Killed Eustachio
  5103 | D:4      | Found a hide-covered altar of Uskayaw.
  5800 | D:4      | Found a basalt altar of Yredelemnul.
  5964 | D:5      | Entered Level 5 of the Dungeon
  6014 | D:5      | Found a sand-covered staircase.
  6019 | Ossuary  | Entered an ossuary
  6459 | Ossuary  | Reached skill level 8 in Axes
  6714 | D:5      | Reached XP level 9. HP: 71/71 MP: 12/12
  7182 | D:5      | Found an ornate altar of the Wu Jian Council.
  7230 | D:5      | Found a snail-covered altar of Cheibriados.
  7230 | D:5      | Noticed Sigmund
  7255 | D:5      | Killed Sigmund
  7255 | D:5      | Reached skill level 5 in Armour
  7340 | D:5      | Found a sparkling altar of Nemelex Xobeh.
  7451 | D:5      | Reached skill level 9 in Axes
  8103 | D:6      | Found a staircase to the Ecumenical Temple.
  8116 | D:6      | Reached XP level 10. HP: 75/80 MP: 13/13
  8309 | D:6      | Found an opulent altar of Gozag.
  8680 | D:7      | Found a glowing golden altar of the Shining One.
  8714 | D:7      | Got a dazzling scale mail
  8715 | D:7      | Identified the cursed +0 scale mail of Fuosyal {rElec rN+ Str+4} (You found it on level 7 of the Dungeon)
  8772 | D:7      | Reached skill level 10 in Axes
  9178 | D:7      | Noticed a two-headed ogre
  9179 | D:7      | Noticed a cyclops
  9212 | D:7      | Gained mutation: You have an increased reservoir of magic. (+10% MP) [potion of mutation]
  9212 | D:7      | Gained mutation: You do not regenerate when monsters are visible. [potion of mutation]
  9212 | D:7      | Gained mutation: You are resistant to hostile enchantments. (MR+) [potion of mutation]
  9212 | D:7      | Gained mutation: You possess an exceptional clarity of mind. [potion of mutation]
  9229 | D:7      | Killed a two-headed ogre
  9313 | D:7      | Noticed a two-headed ogre
 10131 | D:8      | Reached skill level 11 in Axes
 10952 | D:8      | Reached XP level 11. HP: 71/89 MP: 15/15
 11508 | D:9      | Noticed a moth of wrath
 11511 | D:9      | Found a bloodstained altar of Trog.
 11576 | D:9      | Found a shimmering altar of Xom.
 11577 | D:9      | Found a hazy altar of Hepliaklqana.
 11909 | D:9      | Reached skill level 1 in Evocations
 12294 | D:9      | Noticed a cyclops
 12324 | D:9      | Killed a cyclops
 12324 | D:9      | Reached skill level 12 in Axes
 12579 | D:9      | Found a glowing silver altar of Zin.
 12579 | D:9      | Found a burning altar of Makhleb.
 12580 | D:9      | Noticed a blizzard demon
 12580 | D:9      | Noticed an angel
 12671 | D:10     | Entered Level 10 of the Dungeon
 13017 | D:10     | Noticed a death yak
 13113 | D:10     | Identified a scroll of acquirement
 13242 | D:10     | Reached skill level 10 in Fighting
 13576 | D:10     | Found a shimmering altar of Xom.
 13610 | D:10     | Noticed a death yak
 13890 | D:10     | Noticed an unseen horror
 13903 | D:10     | Killed an unseen horror
 13922 | D:10     | Found a staircase to the Lair.
 14044 | D:10     | Noticed a death yak
 14292 | D:10     | Reached XP level 12. HP: 96/97 MP: 16/16
 14311 | Lair:1   | Entered Level 1 of the Lair of Beasts
 14497 | Lair:1   | Reached skill level 13 in Axes
 15408 | Lair:2   | Reached skill level 5 in Evocations
 15577 | Lair:2   | Found a staircase to the Snake Pit.
 16649 | Lair:2   | Reached skill level 10 in Armour
 17200 | Lair:3   | Reached skill level 1 in Shields
 17200 | Lair:3   | Reached XP level 13. HP: 84/106 MP: 18/18
 17476 | Lair:3   | Noticed a seven-headed hydra
 17681 | Lair:3   | Reached skill level 14 in Axes
 17684 | Lair:3   | Found a staircase to the Shoals.
 18462 | Lair:3   | Got a pair of encrusted gloves
 18463 | Lair:3   | Identified the cursed +0 pair of gloves of Yredelemnul's Whim {rPois MR++ Str-2 Int+2} (You found it on level 3 of the Lair of Beasts)
 19245 | Lair:4   | Reached skill level 5 in Shields
 19356 | Lair:4   | Noticed a four-headed hydra
 19363 | Lair:4   | Killed a four-headed hydra
 19363 | Lair:4   | Reached skill level 5 in Dodging
 19617 | Lair:4   | Found an opulent altar of Gozag.
 19847 | Lair:4   | Noticed an eight-headed hydra
 19851 | Lair:4   | Killed an eight-headed hydra
 19885 | Lair:4   | Noticed an eight-headed hydra
 20641 | Lair:5   | Noticed a four-headed hydra
 20905 | Lair:5   | Noticed a five-headed hydra
 20927 | Lair:4   | Killed an eight-headed hydra
 20969 | Lair:5   | Noticed Nessos
 20970 | Lair:5   | Noticed Nessos
 20970 | Lair:5   | Nessos changed into Nessos the merfolk
 20982 | Lair:5   | Killed Nessos the merfolk
 21071 | Lair:5   | Noticed a catoblepas
 21090 | Lair:5   | Killed a catoblepas
 21090 | Lair:5   | Reached XP level 14. HP: 105/114 MP: 19/19
 21873 | Lair:6   | Entered Level 6 of the Lair of Beasts
 21888 | Lair:6   | Reached skill level 15 in Axes
 22734 | Lair:6   | Found a staircase to the Slime Pits.
 23944 | Lair:6   | Found a large runed door.
 23944 | Lair:6   | Found a large runed door.
 26283 | D:11     | Found Butor's Magic Scroll Boutique.
 26291 | D:11     | Bought a scroll of brand weapon for 220 gold pieces
 26721 | D:11     | Found a glowing golden altar of the Shining One.
 27474 | D:12     | Reached XP level 15. HP: 105/122 MP: 22/22
 27522 | D:12     | Found a labyrinth entrance.
 27536 | Lab      | Entered a labyrinth
 28161 | D:12     | Noticed feelmyfire's ghost (journeyman HOAK)
 28189 | D:12     | Killed feelmyfire's ghost
 28189 | D:12     | Reached skill level 16 in Axes
 28894 | D:12     | Found Duyvuczo's Weapon Shoppe.
 28896 | D:12     | Found a staircase to the Orcish Mines.
 28898 | D:12     | Found Qopiol Luda's Armour Shoppe.
 29378 | Orc:1    | Entered Level 1 of the Orcish Mines
 29378 | Orc:1    | Found Wutiby's Assorted Antiques.
 29386 | Orc:1    | Found Luel's Luxury Loot.
 29438 | Orc:1    | Found a frozen archway.
 30087 | IceCv    | Entered an ice cave
 30412 | IceCv    | Found a transporter.
 31313 | Orc:1    | Bought a sedimented silvery potion for 26 gold pieces
 31313 | Orc:1    | Bought an amethyst potion for 26 gold pieces
 31314 | Orc:1    | Reached skill level 17 in Axes
 31314 | Orc:1    | Reached XP level 16. HP: 116/130 MP: 24/24
 31321 | Orc:2    | Entered Level 2 of the Orcish Mines
 31842 | Orc:2    | Noticed Sonja
 31851 | Orc:2    | Killed Sonja
 33315 | Orc:2    | Found a staircase to the Elven Halls.
 33588 | Orc:2    | Found Aximut's Antique Armour Emporium.
 33589 | Orc:2    | Found Zuecru Feha's Antique Weapon Emporium.
 33594 | Orc:2    | Found Niteocen's General Store.
 33594 | Orc:2    | Found Xiurodopt's Jewellery Shoppe.
 33611 | Orc:2    | Bought an uncursed amulet of regeneration for 420 gold pieces
 33623 | Orc:2    | Bought a glowing cloak for 240 gold pieces
 34041 | D:13     | Found a flagged portal.
 34051 | Bailey   | Entered a bailey
 34546 | D:13     | Reached XP level 17. HP: 119/138 MP: 25/25
 34625 | D:13     | Found a gate to the Vaults.
 34636 | D:13     | Reached skill level 18 in Axes
 35355 | D:13     | Found an ornate altar of the Wu Jian Council.
 35357 | D:13     | Found a shimmering altar of Xom.
 35357 | D:13     | Found a glowing silver altar of Zin.
 35359 | D:13     | Found an ornate altar of the Wu Jian Council.
 35359 | D:13     | Found a sacrificial altar of Ru.
 35359 | D:13     | Found a shimmering altar of Xom.
 35520 | D:14     | Noticed Josephine
 35536 | D:14     | Killed Josephine
 35671 | D:14     | Noticed Roxanne
 35780 | D:14     | Noticed Rupert
 35783 | D:14     | Killed Rupert
 36067 | D:15     | Entered Level 15 of the Dungeon
 36078 | D:15     | Noticed Urug
 36091 | D:15     | Killed Urug
 36448 | D:15     | Found Rubufrom's Gadget Shop.
 36664 | D:15     | Bought a wand of paralysis (13) for 270 gold pieces
 36664 | D:15     | Bought a wand of enslavement (12) for 252 gold pieces
 36988 | D:15     | Killed from afar by an ogre mage

Skill      XL: |  1  2  3  4  5  6  7  8  9 10 11 12 13 14 15 16 17 |
---------------+----------------------------------------------------+-----
Axes           | 3 4 5 6 8 9 11 12 13 14 15 17 18 | 18.7
Fighting       | 3 4 5 6 7 9 10 11 12 13 14 | 14.4
Armour         | 2 4 6 7 9 10 11 12 13 | 13.8
Evocations     | 3 5 6 7 8 |  8.0
Dodging        | 4 5 7 |  7.0
Shields        | 1 5 |  5.7
Spellcasting   | |  2.1
Charms         | |  3.0

Action                   |  1- 3 |  4- 6 |  7- 9 | 10-12 | 13-15 | 16-18 || total
-------------------------+-------+-------+-------+-------+-------+-------++-------
Melee: Hand axe          |   111 |   272 |   170 |       |       |       ||   553
       War axe           |       |       |   548 |   531 |       |       ||  1079
       Battleaxe         |       |       |       |   345 |  1274 |   903 ||  2522
Throw: Throwing net      |       |       |     1 |       |     1 |       ||     2
 Abil: Dig               |     2 |       |     7 |    18 |    31 |     7 ||    65
Evoke: Wand              |       |       |    25 |     9 |    48 |    10 ||    92
       Lamp of fire      |       |       |       |       |     2 |     1 ||     3
  Use: Scroll            |       |     3 |     8 |    11 |    18 |     4 ||    44
       Potion            |       |     5 |     2 |    13 |     3 |     3 ||    26
 Stab: Paralysed         |       |       |     3 |       |       |     3 ||     6
       Held in net/web   |       |       |       |       |     2 |       ||     2
       Invisible         |       |       |       |       |       |     2 ||     2
       Distracted        |       |       |       |       |       |     1 ||     1
  Eat: Chunk             |     1 |     8 |    15 |    30 |    31 |    21 ||   106
       Ration            |       |       |     1 |     4 |     6 |       ||    11
Armor: Chain mail        |    86 |   209 |     8 |       |       |       ||   303
       Leather armour    |     3 |       |       |       |       |       ||     3
       Skin              |       |    17 |       |       |       |       ||    17
       Scale mail        |       |       |   347 |    28 |       |       ||   375
       Crystal plate arm |       |       |       |   739 |   920 |   452 ||  2111
Dodge: Dodged            |    47 |   109 |   353 |   148 |   229 |   145 ||  1031
Block: Buckler           |       |       |       |     1 |   246 |   136 ||   383
